 Dungeon Crawl Stone Soup version 0.19-a0-1168-g98094fc (webtiles) character file.

117 Ijustatesigmund the Skirmisher (level 4, -1/37 HPs)
             Began as a Demonspawn Fighter on Aug 15, 2016.
             Killed by divine providence
             ... invoked by an orc priest
              (14 damage)
             ... on level 3 of the Dungeon.
             The game lasted 00:06:22 (3263 turns).

Ijustatesigmund the Skirmisher (Demonspawn Fighter) Turns: 3263, Time: 00:06:23

Health: -1/37      AC: 15    Str: 17    XL:     4   Next: 71%
Magic:  4/4        EV:  8    Int:  9    God:
Gold:   143        SH:  8    Dex: 12    Spells: 0 memorised, 3 levels left

rFire  . . .     SeeInvis +     a - +0 flail
rCold  . . .     Gourm    .     m - +0 chain mail
rNeg   . . .     Faith    .     c - +0 shield
rPois  .         Spirit   .     (no helmet)
rElec  .         Dismiss  .     h - +1 cloak
rCorr  .         Reflect  .     n - +1 pair of gloves
MR     .....     Harm     .     (no boots)
Stlth  ..........               (no amulet)
                                o - ring of see invisible
                                b - +4 ring of evasion

@: no status effects
A: claws 1, rough black scales 1
a: no special abilities


You were on level 3 of the Dungeon.
You were not hungry.

You visited 1 branch of the dungeon, and saw 3 of its levels.

You collected 143 gold pieces.

Inventory:

Hand Weapons
 a - a +0 flail (weapon)
Missiles
 k - 2 steel javelins (quivered)
Armour
 c - a +0 shield (worn)
 h - a +1 cloak (worn)
 m - a +0 chain mail (worn)
 n - a +1 pair of gloves (worn)
Jewellery
 b - a +4 ring of evasion (left hand)
 o - a ring of see invisible (right hand)
Scrolls
 d - a scroll of immolation
 e - 3 scrolls of identify
 j - a scroll of remove curse
 p - a scroll of teleportation
Comestibles
 f - 4 bread rations
 g - 9 fruits


   Skills:
 + Level 3.9 Fighting
 * Level 3.9 Maces & Flails
 - Level 2.6 Armour
 - Level 2.6 Shields


You had 3 spell levels left.
You didn't know any spells.

Dungeon Overview and Level Annotations

Branches:
Dungeon (3/15)

Altars:
Pakellas


Innate Abilities, Weirdness & Mutations

You have sharp fingernails.
You are partially covered in rough black scales. (AC +2, Dex -1)


Message History

Your shield and chain mail prevent you from hitting the orc priest.
The orc priest is lightly wounded.
The orc priest hits you but does no damage.
You sock the orc priest!
The orc priest is severely wounded.
The orc priest invokes the aid of Beogh against you.
Beogh smites you!
The orc priest miscasts a cantrip.
You hit the orc priest but do no damage.
The orc priest is severely wounded.
The orc priest hits you but does no damage.
Your shield and chain mail prevent you from hitting the orc priest.
The orc priest is severely wounded.
The orc priest calls upon Beogh to heal the orc.
The orc's wounds heal themselves!
You barely miss the orc priest.
The orc priest is severely wounded.
The orc priest calls down the wrath of Beogh upon you.
Beogh smites you!
You die...

...
######......##
###. #####...##
#. #.#..## ##
#..#..# ##
##..#.###.
######........
###..†....###...
#####...#####.#
###) #oo@..###
#.# ## #o#####
#.######
.....oo.#
#....##.
o....l###
####.##. (.....
#.#.. .....
#.#.# .....
#.... .... ##..#
.... ##..


You could see an orc priest, 4 orcs and a giant newt.

Vanquished Creatures
  Robin (D:2)
  4 adders
  A worm (D:3)
  2 dart slugs (D:1)
  A giant gecko (D:1)
  An orc (D:3)
  2 ball pythons
  3 giant cockroaches
  11 goblins
  6 hobgoblins
  4 jackals (D:1)
  5 kobolds
  A quokka (D:3)
  8 bats
  2 giant newts (D:3)
  10 rats
62 creatures vanquished.

Notes
Turn   | Place    | Note
-------+----------+-------------------------------------------
     0 | D:1      | Ijustatesigmund the Demonspawn Fighter began the quest for the Orb.
     0 | D:1      | Reached XP level 1. HP: 18/18 MP: 1/1
   392 | D:1      | Gained mutation: You have sharp fingernails. [demonic ancestry]
   392 | D:1      | Reached XP level 2. HP: 24/24 MP: 2/2
  1227 | D:1      | Gained mutation: You are partially covered in rough black scales. (AC +2, Dex -1) [demonic ancestry]
  1227 | D:1      | Reached XP level 3. HP: 27/29 MP: 3/3
  2196 | D:2      | Noticed Robin
  2229 | D:2      | Killed Robin
  2229 | D:2      | Reached XP level 4. HP: 14/36 MP: 4/4
  2943 | D:3      | Found an oddly glowing altar of Pakellas.
  3263 | D:3      | Killed from afar by an orc priest

Vault maps used:
D:1:      nicolae_arrival_somewhat_less_tricky_arrival, minmay_distorted
D:2:      uniq_robin
D:3:      grunt_pakellas_basics, uniq_crazy_yiuf_cottage

Skill      XL: |  1  2  3 |
---------------+----------+-----
Maces & Flails | 2 3 |  3.9
Fighting       | |  3.9
Armour         | |  2.6
Shields        | |  2.6

Action                   |  1- 3 |  4- 6 || total
-------------------------+-------+-------++-------
Melee: Flail             |   222 |    97 ||   319
Throw: Javelin           |     1 |     2 ||     3
  Use: Scroll            |     5 |     1 ||     6
       Potion            |     1 |     2 ||     3
  Eat: Chunk             |     4 |     4 ||     8
Armor: Scale mail        |   129 |       ||   129
       Chain mail        |    53 |    41 ||    94
Dodge: Dodged            |    95 |    26 ||   121
Block: Shield            |   161 |    30 ||   191
